 Dungeon Crawl Stone Soup version 0.26.0-16-gc1dbca0489 (webtiles) character file.

Game seed: 8857919355280609256

17 kaeus the Firebug (level 2, -5/15 HPs)
             Began as a Gargoyle Fire Elementalist on Jan 22, 2021.
             Slain by Terence
             ... wielding a +0 trident
              (8 damage)
             ... on level 2 of the Dungeon.
             The game lasted 00:01:48 (1379 turns).

kaeus the Firebug (Gargoyle Fire Elementalist)      Turns: 1379, Time: 00:01:49

Health: -5/15      AC:  4    Str: 11    XL:     2   Next: 62%
Magic:  1/5        EV: 12    Int: 15    God:
Gold:   58         SH:  5    Dex: 10    Spells: 4/5 levels left

rFire    . . .     SeeInvis .   h - +0 hand axe
rCold    . . .     Faith    .   (no shield)
rNeg     + . .     Spirit   .   a - +0 robe
rPois    ∞         Reflect  +   (no helmet)
rElec    +         Harm     .   (no cloak)
rCorr    .         Rampage  .   (no gloves)
Will     .....                  (no boots)
Stlth    ++........             g - amulet of reflection
HPRegen  0.05/turn              (no ring)
MPRegen  0.09/turn              (no ring)

@: no status effects
A: negative energy resistance 1, electricity resistance, unbreathing,
petrification resistance, miasma immunity, AC +2
a: no special abilities


You were on level 2 of the Dungeon.
You visited 1 branch of the dungeon, and saw 2 of its levels.

You collected 58 gold pieces.

Inventory:

Hand Weapons
 h - a +0 hand axe (weapon)
Armour
 a - a +0 robe (worn)
 j - a +0 plate armour
Jewellery
 g - an amulet of reflection (around neck)
Scrolls
 b - 5 scrolls of teleportation {unknown}
 c - a scroll of fog {unknown}
 e - a scroll of blinking {unknown}
 f - a scroll of identify {unknown}
Potions
 d - a potion of degeneration {unknown}
 i - a potion of attraction {unknown}


   Skills:
 + Level 1.8 Dodging
 + Level 2.5 Stealth
 + Level 2.2 Spellcasting
 + Level 1.5 Conjurations
 + Level 3.1 Fire Magic


You had 4 spell levels left.
You knew the following spells:

 Your Spells              Type           Power        Failure   Level
a - Foxfire               Conj/Fire      32%          9%          1

Your spell library contained the following spells:

 Spells                   Type           Power        Failure   Level
 Conjure Flame            Conj/Fire      8%           24%         3
 Inner Flame              Hex/Fire       6%           34%         3
 Sticky Flame             Conj/Fire      8%           63%         4
 Fireball                 Conj/Fire      4%           92%         5


Dungeon Overview and Level Annotations

Branches:
Dungeon (2/15)

Altars:

Annotations:
D:2 Terence


Innate Abilities, Weirdness & Mutations

You are resistant to torment.
Your stone body is resilient. (AC +2)
You are immune to poison.
You resist negative energy. (rN+)
You are resistant to electric shocks. (rElec)
You can survive without breathing.
You are immune to petrification.
You are immune to miasma.


Message History

Terence hits you with a +0 trident.
You take 2 damage, and have 6/15 hp.
You are too injured to fight recklessly!
You are too injured to fight recklessly!
You hit Terence but do no damage.
Terence is lightly wounded.
Terence hits you with a +0 trident.
You take 1 damage, and have 5/15 hp.
You completely miss Terence.
Terence is lightly wounded.
You block Terence's attack.
Your magical contamination has completely faded away.
Your foxfire dissipates!
Terence hits you from afar with a +0 trident.
* * * LOW HITPOINT WARNING * * *
There is a stone staircase leading up here.
You take 2 damage, and have 3/15 hp.
Terence hits you from afar with a +0 trident!
Ouch! That really hurt!
You die...

#.#.........##.#..
#.#.##...##.##.###
##.......###.@....#
#.......## #.##.#.#
#.......# #.##.#.#
###.......# #.##..
. #[..[@....#
#.####.#
#.##.#.#######.# .#
#..†@#.........# #
#..####.##^#####
#............#
##.#####.....#
#.....# #.....#
#....># #######


You could see Terence.

Vanquished Creatures
  A worm (D:2)
  A dart slug (D:2)
  2 ball pythons (D:1)
  A giant cockroach (D:1)
  2 goblins (D:1)
  4 frilled lizards
  A kobold (D:1)
  2 rats
14 creatures vanquished.

Vanquished Creatures (others)
  51 foxfires
  5 plants (D:1)
56 creatures vanquished.

Grand Total: 70 creatures vanquished

Notes
Turn   | Place    | Note
-------+----------+-------------------------------------------
     0 | D:1      | kaeus the Gargoyle Fire Elementalist began the quest for
                  | the Orb.
     0 | D:1      | Reached XP level 1. HP: 10/10 MP: 3/3
   568 | D:1      | Reached XP level 2. HP: 12/15 MP: 0/5
  1015 | D:2      | Noticed Terence
  1379 | D:2      | Slain by Terence

Illustrated notes

Levels and vault maps discovered:
D:1:      lemuel_arrival_tunnels, layout_rooms, minmay_shallow_snake_nest
D:2:      layout_loops_cross, cheibriados_altar_1, minitemple,
          minmay_misc_feat_diagonals, chequers_serial_rivers_micro_b,
          lemuel_tele_altar, uniq_terence

Action                   || total
-------------------------++-------
Melee: Hand axe          ||    26
       Unarmed           ||     4
 Cast: Foxfire           ||    36
Armor: Robe              ||    11
Dodge: Dodged            ||    17
Block: Other             ||    11
